 Dungeon Crawl Stone Soup version 0.27.1-3-gb3d3a73c9e (webtiles) character file.

Game seed: 6186559154293476662

2936 Urokeeper the Covert (level 9, 0/56 HPs)
             Began as an Octopode Brigand on Oct 29, 2021.
             Was an Initiate of Wu Jian.
             Slain by a wraith (8 damage)
             ... on level 8 of the Dungeon.
             The game lasted 00:15:53 (7388 turns).

Urokeeper the Covert (Octopode Brigand)             Turns: 7388, Time: 00:15:54

Health: 0/56       AC:  1    Str: 11    XL:     9   Next: 80%
Magic:  16/16      EV: 13    Int: 19    God:    Wu Jian [......]
Gold:   396        SH:  0    Dex: 16    Spells: 16/18 levels left

rFire    + . .     SeeInvis .   y - +4 dagger "Ruubrat" {vorpal, rF+ Will++ Int+6}
rCold    . . .     Faith    .   (no shield)
rNeg     . . .     Spirit   .   (helmet restricted)
rPois    .         Reflect  .   (no amulet)
rElec    .         Harm     .   (no ring)
rCorr    .         Rampage  .   (no ring)
Will     ++...                  (no ring)
Stlth    ++++++....             (no ring)
HPRegen  0.18/turn              (no ring)
MPRegen  0.15/turn              (no ring)
                                (no ring)
                                (no ring)

@: slowed, very slow
A: almost no armour, amphibious, 8 rings, camouflage 1, gelatinous body 1,
(nimble swimmer 1), tentacles
a: Renounce Religion


You were on level 8 of the Dungeon.
You worshipped Wu Jian.
Wu Jian was noncommittal.
You visited 2 branches of the dungeon, and saw 9 of its levels.

You collected 396 gold pieces.

Inventory:

Hand Weapons
 a - a +2 dagger
 h - a +0 dagger of draining
 n - a +1 short sword of protection
 y - the +4 dagger "Ruubrat" (weapon) {vorpal, rF+ Will++ Int+6}
   (You found it on level 4 of the Dungeon)

   It inflicts extra damage upon your enemies.
   Int:       It affects your intelligence (+6).
   rF:        It protects you from fire.
   Will:      It greatly increases your willpower.
Missiles
 b - 20 poisoned darts
 q - 4 datura-tipped darts
 w - 2 atropa-tipped darts (quivered)
Wands
 i - a wand of digging (4)
 t - a wand of polymorph (10)
 z - a wand of flame (37)
Scrolls
 e - a scroll of enchant weapon
 f - a scroll of noise
 j - 2 scrolls of amnesia
 k - 2 scrolls of blinking
 l - a scroll of enchant armour
 o - a scroll of summoning
 p - a scroll of brand weapon {unknown}
 r - a scroll of teleportation
 x - a scroll of magic mapping
Potions
 c - a potion of mutation {unknown}
 d - 2 potions of might
 g - a potion of haste {unknown}
 s - a potion of brilliance
 u - 2 potions of curing
 v - a potion of degeneration {unknown}
 A - a potion of flight
 B - a potion of lignification {unknown}


   Skills:
 + Level 3.0 Fighting
 + Level 9.5 Short Blades
 - Level 2.0 Throwing
 + Level 2.3 Dodging
 + Level 10.8 Stealth
 + Level 5.0 Spellcasting


You had 16 spell levels left.
You knew the following spells:

 Your Spells              Type           Power      Damage    Failure   Level
a - Passwall              Tmut/Erth      3%         N/A       19%         2

Your spell library contained the following spells:

 Spells                   Type           Power      Damage    Failure   Level
 Animate Skeleton         Necr           8%         N/A       12%         1
 Apportation              Tloc           8%         N/A       12%         1
 Corona                   Hex            4%         N/A       12%         1
 Pain                     Necr           16%        1d4       12%         1
 Summon Small Mammal      Summ           16%        N/A       12%         1
 Call Canine Familiar     Summ           4%         N/A       36%         3
 Summon Guardian Golem    Hex/Summ       4%         N/A       36%         3
 Swiftness                Air            4%         N/A       36%         3
 Excruciating Wounds      Necr           2%         N/A       98%         5
 Death Channel            Necr           2%         N/A       100%        6
 Invisibility             Hex            2%         N/A       100%        6
 Simulacrum               Ice/Necr       2%         N/A       100%        6


Dungeon Overview and Level Annotations

Branches:
Dungeon (8/15)             Temple (1/1) D:6
   Lair: D:8-11

Altars:
Ashenzari
Cheibriados
Elyvilon
Fedhas
Gozag
Kikubaaqudgha
Nemelex Xobeh
Qazlal
Trog
Uskayaw
Wu Jian
Xom
Yredelemnul
The Shining One

Shops:
D:4 ?   D:7 (

Annotations:
D:5 1 runed translucent door, Icepheonix32's ghost, novice DsFi


Innate Abilities, Weirdness & Mutations

You cannot wear most types of armour.
You are amphibious.
You can wear up to eight rings at the same time.
Your skin changes colour to match your surroundings (Stealth+).
Your rubbery body absorbs attacks. (AC +1, EV +1)
((You are camouflaged near water. (Stealth+)))
You have tentacles for arms and can constrict up to eight enemies at once.


Message History

The wraith barely misses you.
You hit the wraith but do no damage.
The wraith is severely damaged.
You hit the wraith but do no damage.
The wraith is severely damaged.
The wraith hits you.
You closely miss the wraith.
The wraith is severely damaged.
The wraith barely misses you.
You feel much better. The wraith hits you!
You closely miss the wraith.
The wraith is severely damaged.
The wraith hits you!
You hit the wraith.
The wraith is almost destroyed.
The wraith barely misses you.
You hit the wraith but do no damage.
The wraith is almost destroyed.
The wraith hits you.
You hit the wraith but do no damage. Your squeeze misses the wraith.
The wraith is almost destroyed.
The wraith hits you!
* * * LOW HITPOINT WARNING * * *
The wraith drains your vigour!
You feel as though you will be slow longer.
You hit the wraith but do no damage.
The wraith is almost destroyed.
You barely miss the wraith.
The wraith is almost destroyed.
The wraith hits you but does no damage.
You hit the wraith but do no damage. Your squeeze misses the wraith.
The wraith is almost destroyed.
The wraith hits you!
* * * LOW HITPOINT WARNING * * *
The wraith drains your vigour!
You feel as though you will be slow longer.
You hit the wraith. Your squeeze misses the wraith.
The wraith is almost destroyed.
The wraith hits you!
You die...

#.### #.##
.# #.## ≈.
#.## .# #.##
.## #.## ≈.
#.#### .#
#.##.##.##$#
#.'.≈@W≈..≈#
#.##.##.##$#
#.#### .#
#.## ≈.
#..## ###
##..# ##...
...


You could see a wraith.

Vanquished Creatures
  A hornet (D:7)
  Eustachio (D:6)
  Menkaure (D:4)
  Edmund (D:6)
  An acid dragon (D:8)
  Duvessa (D:7)
  2 water moccasins
  An ice beast (D:5)
  A black bear (D:5)
  2 necrophages
  3 sky beasts
  2 ogres
  A phantom (D:7)
  2 bullfrogs (D:8)
  A scorpion (D:5)
  Dowan (D:7)
  3 howler monkeys (D:7)
  2 bullfrog zombies (D:5)
  2 centaur zombies
  2 hounds
  3 orc priests
  An iguana (D:5)
  2 orc wizards
  3 adders (D:2)
  A shadow imp (D:8)
  A worm (D:3)
  2 dart slugs
  9 orcs
  3 bats
  6 endoplasms
  6 giant cockroaches
  7 goblins
  4 hobgoblins
  5 kobolds
  2 quokkas (D:1)
  6 ball pythons
  5 frilled lizards
  6 rats
103 creatures vanquished.

Vanquished Creatures (others)
  A plant (D:6)
1 creature vanquished.

Grand Total: 104 creatures vanquished

Notes
Turn   | Place    | Note
-------+----------+-------------------------------------------
     0 | D:1      | Urokeeper the Octopode Brigand began the quest for the Orb.
     0 | D:1      | Reached XP level 1. HP: 14/14 MP: 1/1
   104 | D:1      | Reached XP level 2. HP: 4/19 MP: 2/2
   563 | D:1      | Found a faded altar of an unknown god.
   622 | D:1      | Reached XP level 3. HP: 24/24 MP: 3/3
  1313 | D:2      | Reached skill level 6 in Stealth
  1378 | D:2      | Found a shimmering altar of Xom.
  1436 | D:2      | Reached XP level 4. HP: 26/29 MP: 4/4
  1860 | D:3      | Found a sparkling altar of Nemelex Xobeh.
  2037 | D:3      | Got Tiotz's Compendium of Evil Magic
  2642 | D:4      | Found a stormy altar of Qazlal.
  2656 | D:4      | Reached XP level 5. HP: 33/34 MP: 5/5
  2690 | D:4      | Noticed Menkaure
  2713 | D:4      | Killed Menkaure
  2714 | D:4      | Reached skill level 5 in Short Blades
  2714 | D:4      | Reached skill level 7 in Stealth
  2714 | D:4      | Reached XP level 6. HP: 27/39 MP: 6/6
  2885 | D:4      | Found Akomiu's Magic Scroll Boutique.
  3626 | D:5      | Entered Level 5 of the Dungeon
  3626 | D:5      | Noticed Icepheonix32's ghost (novice DsFi)
  3626 | D:5      | Noticed a black bear
  3626 | D:5      | Found a runed translucent door.
  3629 | D:5      | Killed a black bear
  3645 | D:5      | Reached skill level 1 in Spellcasting
  3807 | D:5      | Noticed an ice beast
  3823 | D:5      | Killed an ice beast
  3824 | D:5      | Reached XP level 7. HP: 45/45 MP: 7/9
  3892 | D:5      | Found a blossoming altar of Fedhas.
  3894 | D:5      | Found an opulent altar of Gozag.
  3894 | D:5      | Found a snail-covered altar of Cheibriados.
  3926 | D:5      | Reached skill level 8 in Stealth
  4322 | D:5      | Identified the +3 leather armour "Geam" {Str+3 Dex+6}
  4579 | D:5      | Reached XP level 8. HP: 31/50 MP: 11/11
  5175 | D:5      | Reached skill level 9 in Stealth
  5334 | D:4      | Identified the +4 dagger "Ruubrat" {vorpal, rF+ Will++
                  | Int+6}
  5401 | D:4      | Learned a level 2 spell: Passwall
  5492 | D:6      | Noticed Eustachio
  5502 | D:6      | Killed Eustachio
  5585 | D:6      | Noticed Edmund
  5591 | D:6      | Killed Edmund
  5594 | D:6      | Found a staircase to the Ecumenical Temple.
  5601 | Temple   | Entered the Ecumenical Temple
  5734 | Temple   | Became a worshipper of the Wu Jian Council
  5834 | D:6      | Noticed a wraith
  5910 | D:7      | Noticed a hornet
  5919 | D:7      | Killed a hornet
  5920 | D:7      | Reached skill level 10 in Stealth
  5920 | D:7      | Reached XP level 9. HP: 54/54 MP: 11/15
  6677 | D:7      | Noticed Dowan
  6721 | D:7      | Killed Dowan
  6776 | D:7      | Noticed Duvessa
  6816 | D:7      | Killed Duvessa
  7139 | D:7      | Found Uwnol's Antique Weapon Shop.
  7352 | D:8      | Reached skill level 5 in Spellcasting
  7375 | D:8      | HP: 1/56 [wraith (8)]
  7388 | D:8      | Slain by a wraith

Illustrated notes

Levels and vault maps discovered:
D:1:      dpeg_arrival_simpleton_b, layout_basic,
          hellmonk_ecumenical_altar_crossroads, chequers_arboretum
D:2:      layout_rooms, basic_altar, minmay_misc_feat_doors
D:3:      kennysheep_six_static_rooms, layout_basic,
          nemelex_diamond_rough_becter
D:4:      layout_basic, nicolae_qazlal_scattered_showers, serial_shops,
          nicolae_shop_window_shopping, uniq_menkaure
D:5:      layout_cave_pods, chequers_temple_overflow_statue_of_worship,
          hellmonk_ghost_happy_afterlife
D:6:      minmay_razor_zed, layout_loops_corners,
          chequers_temple_overflow_minitemple, minmay_overflow_temple_star_quad,
          minmay_temple_entry_gardened_gates, uniq_edmund, uniq_eustachio
D:7:      layout_basic, serial_shops, shop, uniq_prince_ribbit1, uniq_duvessa
D:8:      hangedman_cross_veins, layout_basic, disabler_island
Temple:   nicolae_temple_figure_zero

Skill      XL: |  1  2  3  4  5  6  7  8  9 |
---------------+----------------------------+-----
Short Blades   | 3 4 5 6 7 8 9 |  9.5
Stealth        | 6 7 8 10 | 10.8
Spellcasting   | 1 2 4 5 |  5.0
Dodging        | 2 |  2.3
Fighting       | 3 |  3.0
Throwing       | |  2.0

Action                   |  1- 3 |  4- 6 |  7- 9 || total
-------------------------+-------+-------+-------++-------
Melee: Dagger            |    59 |    35 |   108 ||   202
       Constrict         |     7 |    16 |    19 ||    42
       Tentacles         |     7 |    20 |    33 ||    60
       Short sword       |       |    46 |    64 ||   110
Throw: Dart              |       |       |     6 ||     6
 Cast: Passwall          |       |       |     3 ||     3
Invok: Lunge             |       |       |     7 ||     7
  Use: Scroll            |       |     3 |     5 ||     8
       Potion            |       |       |     8 ||     8
 Stab: Sleeping          |    13 |    11 |    10 ||    34
       Distracted        |       |     1 |       ||     1
       Invisible         |       |       |     1 ||     1
Armor: Skin              |     6 |    12 |    21 ||    39
Dodge: Dodged            |    24 |    30 |    54 ||   108
